 Dungeon Crawl Stone Soup version 0.29-a0-222-g5b244fca1f (webtiles) character file.

Game seed: 845765081762967097

4263 FizzleBang the Covert (level 10, -2/94 HPs)
             Began as a Naga Venom Mage on Feb 27, 2022.
             Slain by Joseph
             ... wielding a +0 quarterstaff
              (9 damage)
             ... on level 8 of the Dungeon on Feb 28, 2022.
             The game lasted 00:58:29 (9606 turns).

FizzleBang the Covert (Naga Venom Mage)             Turns: 9606, Time: 00:58:29

Health: -2/94      AC:  8    Str: 16    XL:     10   Next: 31%
Magic:  14/16      EV: 13    Int: 21    God:
Gold:   518        SH:  0    Dex: 11    Spells: 0/17 levels left

rFire   . . .      SeeInvis +   a - +0 triple sword
rCold   . . .      Faith    .   (shield currently unavailable)
rNeg    . . .      Spirit   .   i - +1 robe
rPois   +          Reflect  .   (no helmet)
rElec   .          Harm     .   y - +2 cloak
rCorr   .          Rampage  .   (no gloves)
Will    +....                   (no barding)
Stlth   ++++......              n - amulet of magic regeneration
HPRegen 0.25/turn               m - +6 ring of strength
MPRegen 0.55/turn               v - +4 ring of evasion

@: very slow
A: AC +3, large, see invisible, deformed body, poison resistance, slowness 2,
spit poison 1, naga tail 1
a: Spit Poison


You were on level 8 of the Dungeon.
You visited 2 branches of the dungeon, and saw 9 of its levels.

You collected 518 gold pieces.

Inventory:

Hand Weapons
 a - a +0 triple sword (weapon)
 b - a +0 hunting sling
 j - a +2 dagger of venom
Missiles
 g - 3 poisoned darts
 B - 5 boomerangs
 E - 5 javelins
Armour
 i - a +1 robe (worn)
 y - a +2 cloak (worn)
Jewellery
 m - a +6 ring of strength (left hand)
 n - an amulet of magic regeneration (around neck)
 v - a +4 ring of evasion (right hand)
 w - a ring of willpower
 H - a ring of ice
Wands
 f - a wand of charming (10)
Scrolls
 c - a scroll of fear
 d - a scroll of magic mapping {unknown}
 e - a scroll of silence {unknown}
 o - a scroll of holy word {unknown}
 r - 2 scrolls of teleportation
 t - a scroll of immolation
 u - a scroll of enchant weapon {unknown}
 x - a scroll of fog {unknown}
 A - a scroll of acquirement {unknown}
 D - a scroll of vulnerability {unknown}
 G - a scroll of amnesia {unknown}
Potions
 h - 2 potions of curing
 k - 2 potions of might
 l - 2 potions of ambrosia {unknown}
 p - 2 potions of brilliance {unknown}
 q - 3 potions of resistance
 s - a potion of lignification {unknown}
 z - 2 potions of flight {unknown}
 C - a potion of heal wounds {unknown}
 F - a potion of degeneration {unknown}
 I - a potion of mutation {unknown}
 J - a potion of cancellation {unknown}


   Skills:
 - Level 7.6 Fighting
 + Level 0.4 Long Blades
 - Level 1.5 Dodging
 - Level 11.0 Stealth
 - Level 4.0 Spellcasting
 - Level 4.0 Conjurations
 - Level 1.0 Transmutations
 - Level 6.2 Fire Magic
 - Level 9.0 Poison Magic


You couldn't memorise any spells.
You knew the following spells:

 Your Spells              Type           Power      Damage    Failure   Level
a - Sting                 Tmut/Pois      100%       1d8       1%          1
b - Poisonous Vapours     Pois/Air       46%        N/A       2%          2
c - Mephitic Cloud        Conj/Pois/Air  22%        N/A       6%          3
d - Olgreb's Toxic Radia  Pois           42%        N/A       3%          4
e - Conjure Flame         Conj/Fire      25%        6-21      4%          3
f - Flame Wave            Conj/Fire      25%        2d7       14%         4

Your spell library contained the following spells:

 Spells                   Type           Power      Damage    Failure   Level
 Foxfire                  Conj/Fire      100%       2x1d9     1%          1
 Magic Dart               Conj           84%        1d7       2%          1
 Inner Flame              Hex/Fire       17%        N/A       10%         3
 Call Imp                 Summ           4%         N/A       19%         2
 Corpse Rot               Necr/Air       8%         N/A       19%         2
 Ozocubu's Armour         Ice            4%         N/A       34%         3
 Metabolic Englaciation   Hex/Ice        2%         N/A       97%         5
 Simulacrum               Ice/Necr       2%         N/A       100%        6


Dungeon Overview and Level Annotations

Branches:
Dungeon (8/15)             Temple (1/1) D:4
   Lair: D:8-11

Altars:
Ashenzari
Dithmenos
Elyvilon
Fedhas
Gozag
Hepliaklqana
Kikubaaqudgha
Makhleb
Qazlal
Ru
Sif Muna
Trog
Uskayaw
Vehumet
Wu Jian
Yredelemnul
Zin
The Shining One

Annotations:
D:3 1 runed translucent door, Crazy Yiuf, Ijyb
D:6 dig potion, exclusion: ice beast
D:8 2 transporters, exclusions: bullfrog and 2 death yaks, Joseph; surf's ghost, novice MiBe


Innate Abilities, Weirdness & Mutations

Your serpentine skin is tough. (AC +3)
You have supernaturally acute eyesight. (SInv)
Armour fits poorly on your strangely shaped body.
Your system is resistant to poisons. (rPois)
You cover ground very slowly.
You can spit poison.
You have a snake-like lower body.


Message History

Joseph is poisoned.
The orc wizard looks as sick as possible!
You have got your breath back.
You hear a shout!
The orc wizard gestures at you while chanting.
You resist with almost no effort.
Joseph drinks a potion.
Joseph is healed!
Joseph looks more healthy.
You hear a shout!
Press: ? - help, v - describe, . - travel
Here: Joseph, wielding a +0 quarterstaff and wearing a +0 leather armour The floor.
Casting: Olgreb's Toxic Radiance (dangerous; 3% risk of failure)
Confirm with . or Enter, or press ? or * to list all spells.
Aiming: Poisonous Vapours (safe; 2% risk of failure)
Press: ? - help, Dir - move target, f - Joseph
Aim: Joseph, wielding a +0 quarterstaff and wearing a +0 leather armour Poisonous vapours surround Joseph!
Joseph is poisoned.
You kill the orc wizard!
Joseph unwields a +0 quarterstaff.
Joseph wields a +2 hunting sling of freezing.
It is covered in frost.
Joseph shoots a sling bullet.
The sling bullet hits you! The sling bullet freezes you.
Casting: Poisonous Vapours (safe; 2% risk of failure)
Confirm with . or Enter, or press ? or * to list all spells.
Aiming: Poisonous Vapours (safe; 2% risk of failure)
Press: ? - help, Dir - move target, f/p - Joseph
Aim: Joseph, wielding a +2 hunting sling of freezing and wearing a +0 leather armour (lightly wounded, very poisoned) Poisonous vapours surround Joseph!
Joseph looks even sicker.
Your magical contamination has completely faded away.
Casting: Poisonous Vapours (safe; 2% risk of failure)
Confirm with . or Enter, or press ? or * to list all spells.
Aiming: Poisonous Vapours (safe; 2% risk of failure)
Press: ? - help, Dir - move target, f/p - Joseph
Aim: Joseph, wielding a +2 hunting sling of freezing and wearing a +0 leather armour (lightly wounded, very poisoned) Poisonous vapours surround Joseph!
Joseph looks as sick as possible!
Your toxic aura wanes.
Joseph shoots a sling bullet.
The sling bullet hits you! The sling bullet freezes you.
There is a stone staircase leading down here.
An orc comes into view. It is wielding a +0 flail.
An orc comes into view. It is wielding a +0 mace.
Casting: Poisonous Vapours (safe; 2% risk of failure)
Confirm with . or Enter, or press ? or * to list all spells.
You begin to radiate toxic energy.
The orc is poisoned. x2
The orc looks even sicker.
An orc comes into view. It is wielding a +0 club.
You kill the orc!
Your toxic aura wanes.
Joseph unwields a +2 hunting sling of freezing.
Joseph wields a +0 quarterstaff.
Joseph hits you with a +0 quarterstaff!
There is a stone staircase leading down here.
You closely miss Joseph.
Joseph is moderately wounded.
Joseph misses you.
You slice Joseph!!
Joseph is heavily wounded.
You hear a shout!
Joseph hits you with a +0 quarterstaff. The orc hits you with a +0 mace.
Joseph hits you with a +0 quarterstaff. The orc hits you but does no damage.
You hit Joseph.
Joseph is severely wounded.
Joseph barely misses you. The orc barely misses you. Joseph closely misses you.
The orc barely misses you.
You barely miss Joseph.
Joseph is severely wounded.
You kill the orc!
Joseph closely misses you. Joseph barely misses you.
You hit Joseph but do no damage.
Joseph is severely wounded.
Joseph closely misses you. Joseph hits you with a +0 quarterstaff!
You hit Joseph.
Joseph is severely wounded.
Joseph hits you with a +0 quarterstaff!
* * * LOW HITPOINT WARNING * * *
Okay, then.
Okay, then.
Press: ? - help, v - describe, . - travel, g - get item
Here: Joseph, wielding a +0 quarterstaff and wearing a +0 leather armour (severely wounded, poisoned)
Items here: a +0 mace; a +0 leather armour.
The floor, spattered with blood.
Aiming: Charm
Press: ? - help, Shift-Dir - straight line, f/p - Joseph
Aim: Joseph, wielding a +0 quarterstaff and wearing a +0 leather armour (severely wounded, poisoned, chance to affect: 31%)
Okay, then.
Joseph hits you with a +0 quarterstaff.
* * * LOW HITPOINT WARNING * * *
You see here a +0 mace.
You slash Joseph!
Joseph is almost dead.
Joseph hits you with a +0 quarterstaff.
* * * LOW HITPOINT WARNING * * *
Joseph hits you with a +0 quarterstaff!
* * * LOW HITPOINT WARNING * * *
You barely miss Joseph.
Joseph is almost dead.
Joseph closely misses you. Joseph hits you but does no damage.
You hit Joseph but do no damage.
Joseph is almost dead.
Joseph hits you with a +0 quarterstaff!
You die...

############# ###
#.).........# #..
#...........# #.#
###...........# #.####.#
# #.............#
#......# #.
#.#...........# #..###
#.#.#####....##########
#[...#
.#..)).@................
##.#.#
....##@###....##########
#.#.#
.#..)#o.................
#.# #
......)...#...##.########
#.# ≈≈≈≈≈≈≈≈≈.#...##.# #
#.#
≈.......≈.#...##.########
#.#
≈.###.#.≈.#...##........#
#.# ≈
...#.≈.....#########.#
#.# #._.#.≈.#...# #...#.#


You could see Joseph (poisoned) and an orc.

Vanquished Creatures
  A troll (D:7)
  A hornet (D:8)
  2 wyverns
  6 yaks (D:5)
  2 water moccasins (D:8)
  An orc warrior (D:7)
  An ice beast (D:7)
  A sky beast (D:5)
  2 black bears
  2 centaurs
  4 ogres
  3 bullfrogs
  4 scorpions
  A gnoll sergeant (D:5)
  4 killer bees
  5 orc priests
  2 hounds (D:5)
  A jelly (D:7)
  Terence (D:3)
  5 orc wizards
  4 iguanas
  A hell rat (D:7)
  3 gnolls (D:5)
  7 adders
  2 river rats
  A shadow imp (D:6)
  An ufetubus (D:6)
  A worm (D:3)
  A dart slug (D:1)
  26 orcs
  5 ball pythons
  6 bats
  4 endoplasms
  2 giant cockroaches
  5 goblins
  15 hobgoblins
  4 quokkas
  3 frilled lizards
  8 kobolds
  3 rats
151 creatures vanquished.

Vanquished Creatures (collateral kills)
  2 orc priests
  An orc wizard (D:5)
  An orc (D:5)
4 creatures vanquished.

Vanquished Creatures (others)
  A wight (D:7)
  A jelly (D:5)
2 creatures vanquished.

Grand Total: 157 creatures vanquished

Notes
Turn   | Place    | Note
-------+----------+-------------------------------------------
     0 | D:1      | FizzleBang the Naga Venom Mage began the quest for the Orb.
     0 | D:1      | Reached XP level 1. HP: 15/15 MP: 3/3
   224 | D:1      | Reached skill level 4 in Stealth
   230 | D:1      | Reached XP level 2. HP: 22/22 MP: 1/5
   932 | D:1      | Reached skill level 5 in Stealth
   932 | D:1      | Reached XP level 3. HP: 25/28 MP: 3/6
   970 | D:1      | Learned a level 2 spell: Poisonous Vapours
  1379 | D:2      | Identified the +7 chain mail of the Gloaming {SInv}
  1408 | D:2      | Learned a level 3 spell: Mephitic Cloud
  1659 | D:2      | Found a faded altar of an unknown god.
  1942 | D:3      | Noticed Terence
  1950 | D:3      | Killed Terence
  1951 | D:3      | Reached skill level 5 in Poison Magic
  1951 | D:3      | Reached XP level 4. HP: 36/36 MP: 3/7
  1969 | D:3      | Found a blossoming altar of Fedhas.
  2184 | D:3      | Reached skill level 6 in Stealth
  2184 | D:3      | Reached XP level 5. HP: 34/42 MP: 5/8
  2298 | D:3      | Noticed Ijyb
  2495 | D:3      | Found a runed translucent door.
  2496 | D:3      | Noticed Crazy Yiuf
  2781 | D:4      | Reached XP level 6. HP: 42/49 MP: 6/10
  2893 | D:4      | Found a sacrificial altar of Ru.
  3056 | D:4      | Reached skill level 7 in Stealth
  3113 | D:4      | Found a staircase to the Ecumenical Temple.
  3116 | D:4      | Identified the +0 pair of boots "Lear Koe" {+Inv Str+3}
  3119 | Temple   | Entered the Ecumenical Temple
  3517 | D:4      | Learned a level 4 spell: Olgreb's Toxic Radiance
  3518 | D:5      | Entered Level 5 of the Dungeon
  4329 | D:5      | Noticed a yak
  4329 | D:5      | Noticed a yak
  4329 | D:5      | Noticed a yak
  4331 | D:5      | Noticed a yak
  4333 | D:5      | Killed a yak
  4333 | D:5      | Noticed a yak
  4334 | D:5      | Reached skill level 8 in Stealth
  4334 | D:5      | Reached XP level 7. HP: 55/55 MP: 10/12
  4337 | D:5      | Noticed a yak
  4343 | D:5      | Killed a yak
  4350 | D:5      | Killed a yak
  4351 | D:5      | Reached skill level 9 in Stealth
  4355 | D:5      | Killed a yak
  4356 | D:5      | Reached XP level 8. HP: 13/63 MP: 7/14
  4372 | D:5      | Killed a yak
  4683 | D:5      | Reached skill level 1 in Conjurations
  4930 | D:5      | Reached XP level 9. HP: 78/78 MP: 15/15
  5071 | D:5      | Reached skill level 10 in Stealth
  5395 | D:6      | Found a white marble altar of Elyvilon.
  6390 | D:6      | Learned a level 3 spell: Conjure Flame
  6468 | D:7      | Reached skill level 5 in Fighting
  6468 | D:7      | Reached skill level 11 in Stealth
  6529 | D:7      | Found a broken altar of Ashenzari.
  7520 | D:7      | Found a bloodstained altar of Trog.
  7598 | D:7      | Reached skill level 5 in Fire Magic
  8265 | D:8      | Noticed a troll
  8306 | D:7      | Killed a troll
  8590 | D:8      | Reached XP level 10. HP: 55/92 MP: 16/16
  8891 | D:8      | Noticed a death yak
  8977 | D:8      | Learned a level 4 spell: Flame Wave
  9216 | D:8      | Identified the +8 great mace of Quutahid {vorpal, Str+4
                  | Int+4}
  9216 | D:8      | Noticed surf's ghost (novice MiBe)
  9217 | D:8      | Found a transporter.
  9221 | D:8      | Found a transporter.
  9223 | D:8      | Noticed a death yak
  9588 | D:8      | Found a basalt altar of Yredelemnul.
  9588 | D:8      | Noticed Joseph
  9606 | D:8      | Slain by Joseph

Illustrated notes

Levels and vault maps discovered:
D:1:      eino_arrival_cavern_a, layout_rooms
D:2:      layout_rooms, chequers_ecumenical_altar_simple
D:3:      layout_rooms, amcnicky_altar_gilded, uniq_terence,
          uniq_crazy_yiuf_cottage, uniq_ijyb
D:4:      layout_rooms, hangedman_ru_absence, temple_doors_ab,
          minmay_box_of_dots
D:5:      layout_loops_ring, sigmund_army
D:6:      layout_basic, elyvilon_altar_3, item_on_display_a
D:7:      layout_layer_cave, mainiacjoe_overflow_alcove_4,
          mainiacjoe_overflow_alcove_2
D:8:      layout_basic, mainiacjoe_overflow_brackets,
          mainiacjoe_overflow_catwalk, dpeg_lair_monsters,
          gammafunk_ghost_smash, minivault_22, uniq_joseph
Temple:   minmay_temple_bridge_abc

Skill      XL: |  1  2  3  4  5  6  7  8  9 10 |
---------------+-------------------------------+-----
Stealth        | 4 5 6 8 9 11 | 11.0
Poison Magic   | 5 6 9 |  9.0
Spellcasting   | 3 4 |  4.0
Fighting       | 3 6 7 |  7.6
Fire Magic     | 2 5 6 |  6.2
Conjurations   | 2 3 4 |  4.0
Long Blades    | |  0.4
Dodging        | |  1.5
Transmutations | |  1.0

Action                   |  1- 3 |  4- 6 |  7- 9 | 10-12 || total
-------------------------+-------+-------+-------+-------++-------
Melee: Unarmed           |     3 |       |       |       ||     3
       Dagger            |    19 |    50 |    90 |    13 ||   172
       Triple sword      |       |       |       |     9 ||     9
 Fire: Hunting sling     |     5 |       |       |       ||     5
Throw: Stone             |       |     1 |       |       ||     1
 Cast: Sting             |    29 |    26 |    26 |       ||    81
       Poisonous Vapours |    10 |    14 |    47 |     8 ||    79
       Mephitic Cloud    |       |     6 |    12 |       ||    18
       Conjure Flame     |       |       |    12 |     2 ||    14
       Olgreb's Toxic Ra |       |       |     3 |     7 ||    10
       Flame Wave        |       |       |       |     2 ||     2
 Abil: Spit Poison       |    25 |    17 |    23 |     4 ||    69
Evoke: Wand              |       |       |     7 |       ||     7
  Use: Scroll            |     1 |     2 |     7 |       ||    10
       Potion            |       |       |     1 |       ||     1
 Stab: Sleeping          |     2 |     3 |     3 |     1 ||     9
       Confused          |       |     1 |     4 |       ||     5
Armor: Robe              |    11 |    10 |    30 |    22 ||    73
Dodge: Dodged            |    28 |    34 |    87 |    27 ||   176
Block: Buckler           |       |       |    12 |    10 ||    22

Table legend: (Time is in decaauts)
 A = Elapsed time spent in this place.
 B = Non-inter-level travel time spent in this place.
 C = Inter-level travel time spent in this place.
 D = Time resting spent in this place.
 E = Time spent auto-exploring this place.
 F = Levels seen in this place.
 G = Mean time per level.
                   A        B        C        D        E       F      G
               +--------+--------+--------+--------+--------+-----+--------+
         Total |  11881 |  11098 |    783 |   2855 |   5873 |   9 | 1320.1 |
       Dungeon |  11602 |  10846 |    756 |   2855 |   5639 |   8 | 1450.2 |
        Temple |    279 |    253 |     26 |      0 |    233 |   1 |  279.0 |
               +--------+--------+--------+--------+--------+-----+--------+

Top non-repeatable levels by time:
     D:5: 1960 daAuts
     D:6: 1886 daAuts
     D:7: 1705 daAuts
     D:1: 1553 daAuts
     D:4: 1408 daAuts
     D:8: 1277 daAuts
     D:3: 1077 daAuts
     D:2: 733 daAuts
  Temple: 279 daAuts
